Unix NetHack Version 5.0.0-0 post-release - last build May 17 2026 04:57:42 (dc50c8380fa5e20985bfe3072449f57b8d9895ef,branch:main).

Game began 2026-05-20 01:11:32, ended 2026-05-20 01:28:02.

DoomChicken, chaotic female elven Priestess

                                                       ---
                                    -------          ---.--
                                    |.....--        --....|
                              -------..--..----------f.h.-------
             ----            --.--.....|-...........@G.........-
             |..|           `.......---|......--------.....---
            --..|           -..--.*.|  |......|      ---.....--
            |...|           -----..--  --.--.-- #     --(......-
            --.--            |....##***################...-............
            --.--         ---|.###-                   --..............-
           --...|         |..#.|                       |.............--
         ---....--        |....|                       |............--
         |.......--####  -#..---                       |.>.........--
         |..).......[.####...-----                      .......|..--
      ----.......--##............|                     .....----  |
      |<...--.....| -----........|                     ....--
      |..------...|    |.........--                    ...--
      |.--    --.--    |...--.....|                    ..--
      ---      ---     -----|.....|                   ..--
                            ---.---                   ..
                              ---                    ---
DoomChicken the Acolyte      St:10 Dx:12 Co:14 In:9 Wi:19 Ch:12  Chaotic
Dlvl:4  $:129 HP:0(30) Pw:42(42) AC:3  Xp:4 T:1487  Burdened

Latest messages:
 You see here a chest.
 Hmmm, the chest turns out to be locked.
 There is a locked chest here; force its lock? [ynq] (q) y
 You start bashing it with your mace.
 You stop forcing the lock.
 The giant rat just misses!
 Starty bites the giant rat.
 The giant rat misses Starty.
 Starty misses the giant rat.
 You hit the giant rat.
 The giant rat misses!
 Starty misses the giant rat.
 Starty bites the giant rat.
 The giant rat bites Starty.
 You kill the giant rat!
 The gnome lord hits!
 You miss the gnome lord.
 The gnome lord hits!
 You hit the gnome lord.
 The gnome lord hits!
 You hit the gnome lord.
 The gnome lord hits!
 You miss the gnome lord.
 The gnome lord misses!
 You hit the gnome lord.
 The hobbit shoots a rock!
 The rock hits the gnome.
 The gnome lord hits!
 You hit the gnome lord!
 The hobbit shoots a rock!
 The rock hits the gnome.
 The gnome lord hits!
 The gnome lord just misses!
 Starty bites the gnome.
 The gnome is killed!
 The gnome lord hits!
 You miss the gnome lord.
 The gnome lord just misses!
 What do you want to zap? [u or ?*] u
 In what direction? 6
 Status of the gnome lord (neutral, small):  Level 3  HP 2(16)  AC 10.
 The gnome lord is not carrying anything.
 Status of the hobbit (lawful, small):  Level 1  HP 6(6)  AC 10.
 The gnome lord hits!
 You die...
 Do you want your possessions identified? [ynq] (y) y
 Do you want to see your attributes? [ynq] (y) y
 Do you want an account of creatures vanquished? [ynaq] (y) y
 Do you want to see your conduct and achievements? [ynq] (y) y
 Do you want to see the dungeon overview? [ynq] (y) y

Inventory:
 Coins    ('$')
  $ - 129 gold pieces
 Weapons  (')')
  a - a blessed rusty +1 mace (weapon in right hand)
 Armor    ('[')
  y - a +0 dwarvish iron helm (being worn)
  z - a +0 pair of iron shoes (being worn)
  c - a +0 small shield (being worn)
  b - a +0 robe (being worn)
 Comestibles  ('%')
  e - a clove of garlic
  v - a lembas wafer
  f - 2 sprigs of wolfsbane
  m - 3 lichen corpses
 Scrolls  ('?')
  j - a scroll of blank paper
  q - a scroll of fire
 Spellbooks  ('+')
  r - a spellbook of confuse monster
  h - a spellbook of cure sickness
  g - a spellbook of light
  o - a spellbook of wizard lock
 Potions  ('!')
  l - a potion of extra healing
  k - 2 blessed potions of healing
  p - a potion of healing
  w - a potion of oil
  d - 4 potions of holy water
  B - a potion of water
 Wands    ('/')
  u - a wand of probing (0:3)
 Tools    ('(')
  i - a tooled horn
 Gems/Stones  ('*')
  A - a worthless piece of blue glass

DoomChicken the Priestess's attributes:

Background:
 You were an Acolyte, a level 4 elven Priestess.
 You were chaotic, nominally on a mission for Mars
 who was opposed by Mercury (lawful) and Venus (neutral).
 You were right-handed.
 You were in the Gnomish Mines, on level 4.
 You entered the dungeon 1487 turns ago.
 It was nighttime.
 You had 85 experience points, 75 more were needed to attain level 5.

Basics:
 You had 0 out of 30 hit points.
 You had all 42 energy points (spell power).
 Your armor class was 3.
 Your wallet contained 129 zorkmids.
 Autopickup was on for '?!/"$=+' plus thrown.

Final Characteristics:
 Your strength was 10 (limit:18).
 Your dexterity was 12 (limit:18).
 Your constitution was 14 (limit:16).
 Your intelligence was 9 (limit:20).
 Your wisdom was 19 (limit:20).
 Your charisma was 12 (limit:18).

Final Status:
 You weren't hungry.
 You were burdened; movement was slightly slowed.
 You were wielding a mace.
 You had basic skill with mace.

Final Attributes:
 You were devoutly aligned.
 You were sleep resistant.
 You had infravision.
 You were guarded.
 Your spell casting was enhanced by wearing a robe.
 You are dead.

Miscellaneous:
 You didn't encounter any bones levels.
 Total elapsed playing time was 16 minutes and 29 seconds.

Major events:
 Turn
    1: DoomChicken the chaotic elven Priestess entered the dungeon
 1055: entered the Gnomish Mines
 1058: attained the rank of Acolyte (level 3)
 1487: killed by a gnome lord

Spells:
 Name                 Level Category     Fail Retention
 light                  1   clerical       0%  91%-100%
 cure sickness          3   healing       74%  76%-100%
 wizard lock            2   matter        47%  76%-100%

Skills:
 Fighting Skills
   bare handed combat [Unskilled]
 Weapon Skills
   club               [Unskilled]
   mace               [Basic]
   morning star       [Unskilled]
   flail              [Unskilled]
   hammer             [Unskilled]
   quarterstaff       [Unskilled]
   polearms           [Unskilled]
   spear              [Unskilled]
   trident            [Unskilled]
   lance              [Unskilled]
   bow                [Unskilled]
   sling              [Unskilled]
   crossbow           [Unskilled]
   dart               [Unskilled]
   shuriken           [Unskilled]
   boomerang          [Unskilled]
   unicorn horn       [Unskilled]
 Spellcasting Skills
   healing spells     [Unskilled]
   divination spells  [Unskilled]
   clerical spells    [Basic]

Voluntary challenges:
 Character rerolling was not enabled.
 You were an atheist.
 You never genocided any monsters.
 You never polymorphed an object.
 You never changed form.
 You used no wishes.
Achievements:
 You entered a shop.
 You entered the Gnomish Mines.
 You attained the rank of Acolyte.

 The Dungeons of Doom: levels 1 to 4
    Level 1:
       A sink.
    Level 2:
       A fountain.
    Level 3:
       A potion shop.
       Stairs down to The Gnomish Mines.
    Level 4:
 The Gnomish Mines:
    Level 4: <- You were here.
       Final resting place for
          you, killed by a gnome lord.


Vanquished creatures:
  2 dwarves
 an acid blob
  2 giant rats
  6 gnomes
  a gecko
  a fox
  a kobold
  a goblin
  3 sewer rats
  a grid bug
  5 lichens
  3 newts
27 creatures vanquished.

No species were genocided or became extinct.

Game over:
                       ----------
                      /          \
                     /    REST    \
                    /      IN      \
                   /     PEACE      \
                  /                  \
                  |   DoomChicken    |
                  |      129 Au      |
                  |   killed by a    |
                  |    gnome lord    |
                  |                  |
                  |                  |
                  |       2026       |
                 *|     *  *  *      | *
        _________)/\\_//(\/(/\)/\//\/|_)_______

Goodbye DoomChicken the Priestess...

You died in The Gnomish Mines on dungeon level 4 with 607 points,
and 129 pieces of gold, after 1487 moves.
You were level 4 with a maximum of 30 hit points when you died.

